 Dungeon Crawl Stone Soup version 0.23-a0-143-g1adec7b (webtiles) character file.

919 Amnesiac the Chiller (level 7, -5/46 HPs)
             Began as a Mummy Ice Elementalist on Sept 3, 2018.
             Slain by a wight
             ... wielding a +4 spear
              (13 damage)
             ... on level 6 of the Dungeon.
             The game lasted 00:08:59 (4178 turns).

Amnesiac the Chiller (Mummy Ice Elementalist)       Turns: 4178, Time: 00:09:00

Health: -5/46      AC:  2    Str: 11    XL:     7   Next: 83%
Magic:  4/16       EV: 12    Int: 21    God:
Gold:   118        SH:  0    Dex: 12    Spells: 7/19 levels left

rFire    x . .     SeeInvis .   a - +5 morningstar of the Spider Nest {flame, Int+4 Stlth+}
rCold    + . .     Gourm    .   (no shield)
rNeg     + + +     Faith    .   k - +0 robe
rPois    ∞         Spirit   .   (no helmet)
rElec    .         Reflect  .   (no cloak)
rCorr    .         Harm     .   (no gloves)
MR       .....                  (no boots)
Stlth    +++.......             (no amulet)
HPRegen  0.15/turn              c - ring of wizardry
MPRegen  0.15/turn              (no ring)

@: very slightly contaminated
A: no food or potions, fire vulnerability, cold resistance 1, negative energy
resistance 3, torment resistance, unbreathing
a: no special abilities


You were on level 6 of the Dungeon.
You were not hungry.

You visited 1 branch of the dungeon, and saw 6 of its levels.

You collected 118 gold pieces.

Inventory:

Hand Weapons
 a - the +5 morningstar of the Spider Nest (weapon) {flame, Int+4 Stlth+}
   (You found it on level 6 of the Dungeon)

   It has been specially enchanted to burn those struck by it, causing extra
   injury to most foes and up to half again as much damage against particularly
   susceptible opponents.
   It affects your intelligence (+4).
   It makes you more stealthy.
Armour
 k - a +0 robe (worn)
Jewellery
 c - a ring of wizardry (left hand)
Wands
 h - a wand of digging (5)
Scrolls
 b - a scroll of identify {!r, unknown}
 e - a scroll of enchant weapon {!r, unknown}
 f - 2 scrolls of magic mapping {!r, unknown}
 g - a scroll of immolation {!r, unknown}
 j - 2 scrolls of remove curse {!r, unknown}


   Skills:
 - Level 1.5 Dodging
 - Level 1.5 Stealth
 + Level 6.6 Spellcasting
 - Level 0.7 Conjurations
 * Level 6.6 Ice Magic


You had 7 spell levels left.
You knew the following spells:

 Your Spells              Type           Power        Failure   Level  Hunger
a - Freeze                Ice            ####         1%          1    N/A
b - Summon Ice Beast      Ice/Summ       ###.....     9%          4    N/A
d - Throw Icicle          Conj/Ice       ###.....     9%          4    N/A
z - Ozocubu's Armour      Chrm/Ice       ###.....     2%          3    N/A

Your spell library contained the following spells:

 Spells                   Type           Power        Failure   Level  Hunger
 Throw Frost              Conj/Ice       ###...       1%          2    N/A

Dungeon Overview and Level Annotations

Branches:
Dungeon (6/15)
 Temple: D:4-7

Altars:
Dithmenos
Elyvilon

Annotations:
D:3 2 transporters, Arum's ghost, amateur FoVM


Innate Abilities, Weirdness & Mutations

You do not eat or drink.
Your flesh is vulnerable to fire.
You are immune to poison.
Your flesh is cold resistant. (rC+)
You are immune to negative energy. (rN+++)
You are immune to unholy pain and torment.
You can survive without breathing.


Message History

The shard of ice hits the wight.
The wight partially resists.
The wight is heavily damaged.
Unknown command.
Things that are here:
a morningstar; a robe
Casting: Throw Icicle (safe; 9% risk of failure)
Confirm with . or Enter, or press ? or * to list all spells.
Aiming: Throw Icicle (safe; 9% risk of failure)
Press: ? - help, Shift-Dir - straight line, f/p - wight
Aim: a wight, wielding an enchanted mace and wearing a robe (heavily damaged)
The shard of ice misses the wight.
Casting: Throw Icicle (safe; 9% risk of failure)
Confirm with . or Enter, or press ? or * to list all spells.
Aiming: Throw Icicle (safe; 9% risk of failure)
Press: ? - help, Shift-Dir - straight line, f/p - wight
Aim: a wight, wielding an enchanted mace and wearing a robe (heavily damaged)
You miscast Throw Icicle.
You are very lightly contaminated with residual magic.
A chill runs through your body.
Casting: Throw Icicle (safe; 9% risk of failure)
Confirm with . or Enter, or press ? or * to list all spells.
Aiming: Throw Icicle (safe; 9% risk of failure)
Press: ? - help, Shift-Dir - straight line, f/p - wight
Aim: a wight, wielding an enchanted mace and wearing a robe (heavily damaged)
The shard of ice hits the wight.
The wight partially resists.
The wight is severely damaged.
Casting: Throw Icicle (safe; 9% risk of failure)
Confirm with . or Enter, or press ? or * to list all spells.
You don't have enough magic to cast that spell.
Casting: Throw Icicle (safe; 9% risk of failure)
Confirm with . or Enter, or press ? or * to list all spells.
You don't have enough magic to cast that spell.
Casting: Throw Icicle (safe; 9% risk of failure)
Confirm with . or Enter, or press ? or * to list all spells.
You don't have enough magic to cast that spell.
You barely miss the wight.
The wight is severely damaged.
The wight hits you with an enchanted mace.
A wight comes into view. It is wielding an enchanted war axe.
You sock the wight! You burn the wight.
You destroy the wight!
The wight barely misses you.
You closely miss the wight.
The wight hits you from afar with an enchanted spear.
The wight barely misses you. x2
You hit the wight. You burn the wight.
The wight is moderately damaged.
The wight barely misses you. The wight hits you with a battleaxe.
You sock the wight! You burn the wight.
The wight is almost destroyed.
The wight barely misses you. The wight hits you with a battleaxe!
* * * LOW HITPOINT WARNING * * *
The wight hits you from afar with an enchanted spear!
* * * LOW HITPOINT WARNING * * *
You barely miss the wight.
The wight is almost destroyed.
The wight hits you with a battleaxe.
* * * LOW HITPOINT WARNING * * *
The wight misses you.
You sock the wight! You burn the wight.
You destroy the wight!
The wight closely misses you.
The wight hits you from afar with an enchanted spear!
You die...

#######
#####.....########
#>........))......
#.###.....########
#.# #.....# #@#
#.....#### #)#
#........# #z#
#......(.##### #z#
####.......... #.#
#......####
#.######......# #
#.............####
#............##...
#.............'...


You could see 2 wights.

Vanquished Creatures
  3 ogres
  2 centaurs
  3 wights (D:6)
  A jelly (D:6)
  2 orc priests
  A hound (D:5)
  An iguana (D:6)
  3 orc wizards
  4 worker ants
  3 adders
  An ooze (D:1)
  A worm (D:3)
  A dart slug (D:1)
  10 orcs
  2 giant cockroaches
  A goblin (D:2)
  4 hobgoblins
  2 jackals (D:5)
  2 ball pythons
  3 bats
  2 frilled lizards
  2 kobolds (D:1)
  3 rats (D:1)
57 creatures vanquished.

Notes
Turn   | Place    | Note
-------+----------+-------------------------------------------
     0 | D:1      | Amnesiac the Mummy Ice Elementalist began the quest for the
                  | Orb.
     0 | D:1      | Reached XP level 1. HP: 13/13 MP: 4/4
    91 | D:1      | Reached XP level 2. HP: 3/19 MP: 0/5
   738 | D:3      | Found a transporter.
   738 | D:3      | Noticed Arum's ghost (amateur FoVM)
   760 | D:3      | Found a transporter.
   846 | D:4      | Found a shadowy altar of Dithmenos.
   876 | D:5      | Entered Level 5 of the Dungeon
   879 | D:5      | Noticed an ogre
   908 | D:4      | Noticed a centaur
   967 | D:4      | Reached XP level 3. HP: 20/24 MP: 3/7
  1716 | D:4      | Reached XP level 4. HP: 21/30 MP: 4/9
  1722 | D:4      | Learned a level 4 spell: Throw Icicle
  1727 | D:4      | Learned a level 4 spell: Summon Ice Beast
  1854 | D:4      | Found a white marble altar of Elyvilon.
  2002 | D:4      | Killed a centaur
  2002 | D:4      | Reached XP level 5. HP: 15/35 MP: 4/11
  2215 | D:5      | Learned a level 3 spell: Ozocubu's Armour
  2558 | D:5      | Noticed an ogre
  2561 | D:5      | Killed an ogre
  2561 | D:5      | Reached skill level 5 in Spellcasting
  2561 | D:5      | Reached skill level 5 in Ice Magic
  2561 | D:5      | Reached XP level 6. HP: 41/41 MP: 0/13
  2880 | D:5      | Got a crude arbalest
  2909 | D:5      | Reached XP level 7. HP: 26/46 MP: 5/15
  3781 | D:6      | Got an ebony morningstar
  3801 | D:6      | Identified the +5 arbalest "Xenkebin" {velocity, +Fly rN+
                  | Int-3 Dex+2} (You found it on level 5 of the Dungeon)
  3802 | D:6      | Identified the +5 morningstar of the Spider Nest {flame,
                  | Int+4 Stlth+} (You found it on level 6 of the Dungeon)
  4178 | D:6      | Slain by a wight

Vault maps used:
D:1:      scummos_arrival_hexagon, solitary_fountain, st_stairs_14,
          feat_on_display
D:2:      lightli_temple_of_fire, lemuel_coloured_pillars_altar
D:3:      nicolae_overflow_crystal_walls, gammafunk_ghost_stat_death,
          first_ration, roderic_lattice_a
D:4:      nicolae_overflow_hidden_temple, minmay_crystal_room,
          grunt_dithmenos_smoke
D:5:      st_stairs_11
D:6:      gammafunk_temple_overflow_wave

Skill      XL: |  1  2  3  4  5  6  7 |
---------------+----------------------+-----
Ice Magic      | 3 4 5 6 |  6.6
Spellcasting   | 3 4 5 6 |  6.6
Dodging        | |  1.5
Stealth        | |  1.5
Conjurations   | |  0.7

Action                   |  1- 3 |  4- 6 |  7- 9 || total
-------------------------+-------+-------+-------++-------
Melee: Mace              |     4 |       |       ||     4
       Morningstar       |       |       |    11 ||    11
 Cast: Freeze            |    53 |    41 |    15 ||   109
       Throw Icicle      |       |     5 |    16 ||    21
  Use: Scroll            |     1 |       |       ||     1
Armor: Robe              |     5 |     3 |     1 ||     9
Dodge: Dodged            |    24 |    17 |    15 ||    56

Table legend:
 A = Non-vault XP
 B = Vault XP
 C = Vault XP percentage of total XP
 D = Non-vault monster count
 E = Vault monster count
 F = Vault count percentage of total count
                 A         B        C        D         E       F
            +---------+---------+-------+---------+---------+-------
      Total |    1233 |      80 |   6.1 |      51 |       6 |  10.5
            +---------+---------+-------+---------+---------+-------
        D:1 |      22 |       1 |   4.3 |      10 |       1 |   9.1
        D:2 |       5 |       0 |   0.0 |       3 |       0 |   0.0
        D:3 |       7 |       0 |   0.0 |       3 |       0 |   0.0
        D:4 |     211 |       0 |   0.0 |       9 |       0 |   0.0
        D:5 |     571 |      79 |  12.2 |      16 |       5 |  23.8
        D:6 |     417 |       0 |   0.0 |      10 |       0 |   0.0
            +---------+---------+-------+---------+---------+-------
